[Event "4NCL 2022-2023"]
[Site "Daventry"]
[Date "2023.01.14"]
[Round "3.30"]
[White "Bourached, Anthony"]
[Black "Urh, Zala"]
[Result "0-1"]
[ECO "D00"]
[WhiteElo "2049"]
[BlackElo "2282"]
[Annotator "TA"]
[PlyCount "40"]
[EventDate "2022.10.20"]
[EventType "team-tourn"]
[EventCountry "ENG"]
[SourceTitle "playchess.com"]
[Source "ChessBase"]
[SourceQuality "1"]
[TimeControl "40/6000+30:2400+30"]

1. d4 Nf6 2. Nc3 d5 3. Bf4 a6 4. e3 e6 5. Bd3 c5 6. dxc5 {[%emt 0:00:39] D00: 1 d4 d5: Unusual lines.} Bxc5 7. Nf3 Nc6 8. O-O {[%emt 0:03:00] The position is equal.} Bd6 9. Bg5 h6 10. Bh4 O-O 11. Re1 Be7 (11... g5 $5 12. Bg3 Bxg3 13. hxg3 e5 $11) 12. a3 b5 13. Nd4 Bb7 14. Bg3 Na5 {[%emt 0:03:05] [#]} 15. e4 $146 (15. b4 $15 Nc4 16. Bxc4 dxc4 17. Be5) ({Predecessor:} 15. b3 b4 16. Nb1 bxa3 17. Nxa3 Nd7 18. Nb1 Qb6 19. Nc3 e5 20. Nf5 Bf6 21. e4 d4 22. Nd5 Bxd5 23. exd5 {1-0 Karttunen,M (2414)-Kosmo,S (2185) Heart of Finland op 14th 2004 (9)}) 15... dxe4 $17 16. Bxe4 Nxe4 17. Nxe4 Nc4 18. b3 Nxa3 19. Be5 $2 {[%emt 0:00:26] [#]} (19. c3 $17 {was necessary.}) 19... Qd5 $1 $19 20. Rxa3 {[%emt 0:11:23][%cal Oe5g7] Threatens to win with Bxg7!} Qxe5 {[%emt 0:07:18] Weighted Error Value: White=0.48/Black=0.05 (flawless)} (20... Bxa3 $2 {is the wrong capture.} 21. Bf6 Kh8 22. c4 bxc4 23. bxc4 Qxc4 24. Qh5 $19) 0-1

[Event "4NCL 2022-2023"]
[Site "Daventry"]
[Date "2023.01.14"]
[Round "3.31"]
[White "Palliser, Richard J D"]
[Black "Carroll, Peter"]
[Result "1-0"]
[ECO "A09"]
[WhiteElo "2395"]
[BlackElo "2107"]
[Annotator "TA"]
[PlyCount "47"]
[EventDate "2022.10.20"]
[EventType "team-tourn"]
[EventCountry "ENG"]
[SourceTitle "playchess.com"]
[Source "ChessBase"]
[SourceQuality "1"]
[TimeControl "40/6000+30:2400+30"]

1. Nf3 d5 2. c4 d4 3. b4 g5 4. h3 Bg7 5. Nxg5 e5 6. d3 {[%emt 0:00:10] A09: Réti Opening: 1 Nf3 d5 2 c4.} h6 {[%emt 0:07:41] [#]} (6... Qe7 $14) 7. Nf3 $1 $16 f5 8. Nbd2 {[%emt 0:02:50][%cal Og2g4] [#] White is better.} Ne7 $146 ({Better is} 8... Qe7) ({Predecessor:} 8... Qe7 9. Nb3 Qxb4+ 10. Bd2 Qe7 11. g3 c5 12. Nh4 e4 13. Bf4 Kf7 14. e3 Nf6 {½-½ Matsenko,S (2534)-Baltag,I (2386) TUR-chT 1st League 2017 (6.9)}) 9. g3 O-O 10. Bg2 Ng6 11. O-O e4 12. dxe4 $18 f4 13. Bb2 fxg3 14. fxg3 Qd6 {[%emt 0:01:54] [#]} 15. e5 $1 Nxe5 (15... Qxb4 16. Qc2) 16. Nxe5 ({Don't play} 16. Nxd4 $6 Rxf1+ 17. Qxf1 Qxb4 $16) 16... Rxf1+ 17. Nxf1 ({Don't do} 17. Kxf1 $6 Qxe5 18. g4 Qf4+ 19. Nf3 c5 $16) 17... Bxe5 18. e3 {[%emt 0:00:42][%cal Be2e3,Be3d4][%mdl 32] Hoping for Qh5.} Qxb4 $2 (18... Nc6 19. Qh5 Bd7) 19. Bd5+ Kg7 20. Qh5 {[%emt 0:00:55] Qf7+ would kill now.} Qe7 {[%emt 0:00:20] Repels Qf7+} 21. exd4 {[%emt 0:00:24] Strongly threatening Bc1.} Bf6 {[%emt 0:00:35] [#]} 22. Re1 $3 Qxe1 (22... Be6 23. Rxe6) 23. Qf7+ Kh8 24. Qg8# {[%emt 0:01:38] Black did not feel at home in the position after the opening. A superb game by Palliser.   Weighted Error Value: White=0.12 (very precise) /Black=0.89} 1-0

[Event "4NCL 2022-2023"]
[Site "Daventry"]
[Date "2023.01.14"]
[Round "3.32"]
[White "Putar, Lara"]
[Black "Ashton, Adam G"]
[Result "0-1"]
[ECO "E05"]
[WhiteElo "1761"]
[BlackElo "2339"]
[Annotator "TA"]
[PlyCount "52"]
[EventDate "2022.10.20"]
[EventType "team-tourn"]
[EventCountry "ENG"]
[SourceTitle "playchess.com"]
[Source "ChessBase"]
[SourceQuality "1"]
[TimeControl "40/6000+30:2400+30"]

1. d4 d5 2. c4 e6 3. Nf3 Nf6 4. g3 Be7 5. Bg2 O-O 6. O-O dxc4 7. Nc3 Nc6 8. e4 Rb8 {[%emt 0:02:20] 8...a6 deserves study.} 9. d5 {[%emt 0:02:20] E05: Open Catalan: 5 Nf3 Be7.} Nb4 10. Ne5 $1 exd5 {[%emt 0:01:19] [#]} 11. Nxd5 $146 {[%emt 0:01:58] Black has an edge.} ({Predecessor:} 11. exd5 b5 12. a3 Bd6 13. Nxc4 bxc4 14. axb4 Rxb4 15. Rxa7 Bf5 16. Re1 h6 17. Qd4 {0-1 Strybuk,A (2215)-Tang,A (2538) Anti Cheating Blitz Cup 2020 (1)}) 11... Nfxd5 12. exd5 Bf5 13. a3 Nd3 14. Nxc4 Bf6 15. Qb3 Nc5 16. Qe3 ({White should play} 16. Qb4 $11 Nd3 17. Qb3) 16... b6 $15 {[%emt 0:03:33] [#] ...Bd3 is the strong threat.} 17. Rd1 {[%emt 0:11:41] Inhibits Bd3.} (17. Ne5 $17 {is a better defense.}) 17... Re8 $36 {[%emt 0:01:15][%mdl 2048] Black is in control.} 18. Qf4 Bc2 19. Rf1 (19. Qd2 {keeps fighting.} Ba4 20. Rb1) 19... Bd3 20. Rd1 (20. Ne3 Nb3 21. Rd1) 20... g5 {[%emt 0:08:11] Black is clearly winning.} 21. Qg4 {[%emt 0:07:00] [#]} h5 $1 {[%emt 0:07:51][%mdl 576] Decoy} 22. Qxh5 Be2 23. g4 Bxc4 24. h4 gxh4 {[%emt 0:02:17] And now ...Be2 would win.} 25. Bf4 Nd3 26. Bh2 Be5 {[%emt 0:00:45] Weighted Error Value: White=0.65/Black=0.24 (precise)} 0-1

[Event "4NCL 2022-2023"]
[Site "Daventry"]
[Date "2023.01.14"]
[Round "3.33"]
[White "Reimanis, Ritvars"]
[Black "Ansell, Simon T"]
[Result "0-1"]
[ECO "D11"]
[WhiteElo "2374"]
[BlackElo "2337"]
[Annotator "TA"]
[PlyCount "99"]
[EventDate "2022.10.20"]
[EventType "team-tourn"]
[EventCountry "ENG"]
[SourceTitle "playchess.com"]
[Source "ChessBase"]
[SourceQuality "1"]
[TimeControl "40/6000+30:2400+30"]

1. d4 d5 2. c4 c6 3. e3 Bf5 4. Nf3 e6 5. Nc3 Nd7 6. Bd2 {[%emt 0:18:11] D11: Slav Defence: 3 Nf3 sidelines and 3...Nf6 4 e3 Bg4.} h6 7. Be2 Ngf6 8. O-O {[%emt 0:01:40] The position is equal.} Bd6 9. Qb3 Rb8 {[%emt 0:06:57] [#]} 10. Be1 $146 ({Predecessor:} 10. Rfc1 O-O 11. cxd5 {½-½ Fomichenko,E (2357)-Malaniuk,V (2513) Krasnodar 2005}) 10... O-O 11. Nd2 Qe7 12. Bf3 {[%emt 0:10:54] [#]} (12. f4 $11) 12... b5 $1 $17 13. cxd5 (13. c5 Bc7) 13... cxd5 14. Be2 a6 15. f3 Rfc8 {[%emt 0:05:53] aiming for ...b4.} (15... e5 {seems wilder.} 16. Bh4 Qe6 17. e4 exd4 18. exf5 Qxf5 19. Nxb5 Qh5) 16. a3 (16. e4 $142 b4 {[%mdl 64] Deflection} 17. Nd1 dxe4 18. Bxa6) 16... e5 17. Qd1 (17. Nxd5 Nxd5 18. Qxd5 Nf6) 17... exd4 18. exd4 {[%emt 0:00:01] [#]} Nb6 $1 {[%emt 0:01:34][%cal Ob6a4] ...Na4! would be deadly.} 19. Bf2 (19. Ra2 $17 {might work better.}) 19... Nc4 (19... Na4 $19 {is more deadly.} 20. Nxa4 bxa4) 20. Nxc4 bxc4 21. Qd2 Qb7 22. Ra2 Re8 23. Bd1 Bd3 {[%emt 0:03:53] Black has more active pieces. The white rooks are badly placed.} 24. Re1 Rxe1+ 25. Bxe1 {[%emt 0:00:01] White is weak on the light squares} g5 26. g3 {[%emt 0:00:27] Repels Bf4} Qd7 27. Bc2 Bxc2 28. Qxc2 g4 29. fxg4 Qxg4 30. Bf2 h5 31. Kg2 (31. Qe2 $17) 31... Bc7 {[%emt 0:02:48] White must now prevent ...h4.} 32. h3 Qg6 33. Qe2 (33. Qxg6+ $17 fxg6 34. Na4) 33... Rb3 $19 34. Ra1 $2 {[%emt 0:01:53] [#]} (34. a4) 34... Bxg3 $1 35. Rg1 (35. Bxg3 Ne4 36. Nxe4 dxe4 $19) 35... h4 {[%emt 0:00:36] Strongly threatening ...Ne4.} 36. Bxg3 {[%emt 0:00:37][%cal Og2h2] And now Kh2! would win.} hxg3 ({Weaker is} 36... Qxg3+ 37. Kh1 $18) 37. Rf1 Kg7 38. Rf3 Ne4 (38... Nh5 $19 {Threatens to win with ...Qg5.} 39. Qd2 Kh7) 39. Nxe4 $4 {[%emt 0:02:23][%mdl 8192] White does not recover from this.} (39. Nxd5 $11 {and White has nothing to worry.} Rb5 40. Rf4 Rxd5 41. Rxe4 (41. Qxe4 Qxe4+ 42. Rxe4 Rb5 $11)) 39... Qxe4 ({Worse is} 39... dxe4 40. Rxb3 cxb3 41. Qe3 $11) 40. Qxe4 {[%emt 0:00:12] Intending Qe5+ and mate.} Rxb2+ (40... dxe4 41. Rxb3 cxb3 42. Kxg3 $18) 41. Kg1 $2 (41. Kxg3 dxe4 42. Rf5) 41... dxe4 {[%emt 0:00:00] Black is clearly winning.} 42. Rxg3+ {[%emt 0:00:00][%mdl 4096] Endgame KR-KR} Kf6 43. Rc3 Kf5 44. d5 Ke5 45. Rxc4 Kxd5 46. Ra4 e3 {[%emt 0:00:00] ( -> ...Rb1+)} 47. Kf1 f5 48. h4 Ke5 49. Rxa6 Ke4 50. Ke1 {[%emt 0:03:48] Weighted Error Value: White=0.85/Black=0.20 (precise)} 0-1

[Event "4NCL 2022-2023"]
[Site "Daventry"]
[Date "2023.01.14"]
[Round "3.34"]
[White "Gormally, Daniel W"]
[Black "Kilpatrick, Callum"]
[Result "1/2-1/2"]
[ECO "D85"]
[WhiteElo "2450"]
[BlackElo "2413"]
[Annotator "TA"]
[PlyCount "69"]
[EventDate "2022.10.20"]
[EventType "team-tourn"]
[EventCountry "ENG"]
[SourceTitle "playchess.com"]
[Source "ChessBase"]
[SourceQuality "1"]
[TimeControl "40/6000+30:2400+30"]

1. d4 Nf6 2. c4 g6 3. Nc3 d5 4. cxd5 Nxd5 5. e4 Nxc3 6. bxc3 Bg7 7. Nf3 c5 8. h3 $1 {[%emt 0:00:04][%mdl 4] 8.h3 is a critical line.} O-O 9. Be2 ({Much worse is} 9. dxc5 Bxc3+ 10. Bd2 Bxa1 11. Qxa1 Nc6 $15) 9... Nd7 {[%emt 0:11:42] D85: Exchange Grünfeld: Unusual White 7th moves and lines with 7 Nf3.} 10. O-O {[%emt 0:03:23] [#]} e5 $146 (10... b6 $14) ({Predecessor:} 10... Nf6 11. e5 Nd5 12. Qb3 cxd4 13. cxd4 Be6 14. Qxb7 Nc3 15. Bd3 Bd5 16. Qb4 Rc8 17. Bg5 {0-1 Lisik,V (2440)-Safarli,E (2598) Titled Tuesday intern op 02nd Feb blitz 2021 (1)}) 11. Bg5 Bf6 {[%emt 0:15:16] White is slightly better.} 12. Bh6 {[%emt 0:01:36] White is more active.} Re8 (12... Bg7 $14 13. Bxg7 Kxg7) 13. d5 $16 Nb6 14. a4 Bd7 15. Be3 Qc7 16. d6 (16. Qc2 $16) 16... Qc6 $14 17. Bb5 Qxe4 18. Nd2 Qh4 (18... Qf5 $14) 19. Nb3 (19. Bxc5 $16 a6 20. Be2 Bxa4 21. Qb1) 19... Bxb5 (19... Nxa4 $2 20. Rxa4 Qxa4 21. Bxa4 Bxa4 22. Qf3 $18) 20. axb5 Nd7 (20... Qc4 $1 $14) 21. Nxc5 (21. Qd5 $16) 21... Nxc5 $11 22. Bxc5 {[%emt 0:00:04] [#] Black must now prevent Qd5. The position is equal.} Qc4 {[%emt 0:08:28][%csl LRb5,LRc3,LRc5] Inhibits Qd5.} 23. d7 Re6 24. Rxa7 Rd8 25. Be3 Qxb5 26. Qb1 Qxb1 27. Rxb1 Rxd7 28. Rbxb7 Rxb7 29. Rxb7 {[%emt 0:00:07][%mdl 4096] Endgame KRB-KRB} Rc6 30. Rb6 Rxb6 31. Bxb6 e4 32. c4 Bc3 33. Kf1 f5 34. Ke2 Kf7 35. f3 {[%emt 0:00:10] Weighted Error Value: White=0.14 (very precise) /Black=0.16 (very precise)} 1/2-1/2

[Event "4NCL 2022-2023"]
[Site "Daventry"]
[Date "2023.01.14"]
[Round "3.35"]
[White "Pein, Jonathan"]
[Black "Bates, Richard A"]
[Result "1-0"]
[ECO "B30"]
[WhiteElo "2252"]
[BlackElo "2339"]
[Annotator "TA"]
[PlyCount "57"]
[EventDate "2022.10.20"]
[EventType "team-tourn"]
[EventCountry "ENG"]
[SourceTitle "playchess.com"]
[Source "ChessBase"]
[SourceQuality "1"]
[TimeControl "40/6000+30:2400+30"]

1. e4 c5 2. Nc3 Nc6 3. Nf3 e5 4. Bc4 Be7 5. d3 Nf6 6. Ng5 O-O {[%emt 0:00:17] B30: Sicilian: 2...Nc6 3 Bb5, lines without ...g6.} 7. h4 $1 {[%emt 0:00:02][%mdl 4] is currently scoring better than 7.f4.} Na5 {[%emt 0:14:26] is the legacy move (7...Nd4).} 8. f4 Nxc4 {[%emt 0:05:25] The position is equal.} 9. dxc4 {[%emt 0:00:12] [#]} exf4 $146 {[%emt 0:10:57] [#]} (9... d6 $11) ({Predecessor:} 9... d6 10. f5 h6 11. Qf3 Bd7 12. Nh3 b5 13. g4 b4 14. Nd1 Bc6 15. Nhf2 Nxe4 16. Nxe4 Bxh4+ {1-0 Kryvoruchko,Y (2675)-Moiseenko,A (2623) UKR-ch 88th Lutsk 2019 (2)}) 10. e5 $1 $18 Ne8 (10... h6 $2 11. exf6 Bxf6 12. Nge4) 11. Bxf4 d6 (11... d5 {was called for.} 12. Qd3 (12. cxd5 f6 $16) (12. Nxd5 Bf5 $18) (12. Qxd5 h6 $16) 12... g6) 12. Qd3 g6 13. O-O-O Bf5 14. Qg3 Qa5 $2 (14... f6 15. exd6 fxg5) 15. h5 {[%emt 0:10:28][%cal Og5h7] aiming for Nxh7!} dxe5 16. Bxe5 {[%emt 0:03:57] And now hxg6 would win.} Bxg5+ 17. Qxg5 f6 {[%emt 0:00:13] [#]} 18. Qh6 {[%emt 0:09:57][%cal Od1d7] Hoping for Rd7!} fxe5 {[%emt 0:00:05] [#]} (18... Rd8 $142 19. g4 fxe5 20. gxf5 Rxd1+ 21. Rxd1 Rxf5 22. hxg6 Qc7) 19. Rd7 $3 {[%emt 0:05:46][%csl Gd7][%cal Rh6h7][%mdl 576] Double Attack} gxh5 {[%emt 0:05:51] [#]} 20. Rxh5 $1 {[%emt 0:06:31] Intending Rg5+ and mate.} Bg6 21. Rxh7 (21. Rxe5 Rf1+ 22. Kd2 Rf7 23. Rxf7 Bxf7 $17) 21... Rf1+ 22. Kd2 Bxh7 23. Qxh7+ {[%emt 0:02:14] White mates.} Kf8 24. Qh8+ Kf7 25. Rh7+ {[%emt 0:03:11][%mdl 64] Skewer} Ke6 26. Qg8+ Kf5 27. Qf7+ {[%emt 0:04:11][%mdl 64] Skewer, Double Attack} ({Inferior is} 27. Rxb7 Qd8+ 28. Ke2 Nd6 29. g4+ (29. Qh7+ Ke6 $11) 29... Kf4 30. Rf7+ {[%mdl 64] Skewer} Nxf7 31. Qxf7+ Kxg4 32. Qxf1 (32. Kxf1 $2 {too greedy.} Qf8 $19) 32... Qh4 $11) 27... Kg5 28. Rh5+ {[%emt 0:00:57][%mdl 64] Skewer} Kg4 29. Qg6+ {[%emt 0:00:14] White took control after the opening. Ingenious play by Pein!   Weighted Error Value: White=0.07 (flawless) /Black=0.70} 1-0

[Event "4NCL 2022-2023"]
[Site "Daventry"]
[Date "2023.01.14"]
[Round "3.36"]
[White "Ledger, Andrew J"]
[Black "Pein, Malcolm"]
[Result "0-1"]
[ECO "E92"]
[WhiteElo "2314"]
[BlackElo "2302"]
[Annotator "TA"]
[PlyCount "74"]
[EventDate "2022.10.20"]
[EventType "team-tourn"]
[EventCountry "ENG"]
[SourceTitle "playchess.com"]
[Source "ChessBase"]
[SourceQuality "1"]
[TimeControl "40/6000+30:2400+30"]

1. d4 Nf6 2. c4 g6 3. Nc3 Bg7 4. e4 d6 5. Nf3 O-O 6. Be2 e5 7. Be3 c6 8. d5 Ng4 9. Bg5 f6 10. Bh4 c5 11. Nd2 Nh6 {[%emt 0:00:09] E92: King's Indian: Classical: 6 Be2 e5: 7 dxe5, 7 Be3 and Petrosian System without 7...Nbd7.} 12. f3 Nf7 13. Bd3 Na6 {[%emt 0:03:09] White is slightly better.} 14. a3 Bh6 {[%emt 0:05:49] [#]} 15. Nf1 $146 ({Predecessor:} 15. Qe2 Qe7 16. Rb1 Bd7 17. Nf1 Kg7 18. Ne3 Bg5 19. Bf2 h5 20. h4 Bh6 21. g4 hxg4 22. fxg4 {1-0 Volkov,S (2597)-Markidis,K (2342) Paleochora op 3rd 2010 (3)}) 15... Bd7 16. Bf2 f5 17. exf5 gxf5 18. Qc2 e4 19. fxe4 Ne5 {[%emt 0:00:12] [#] Threatens to win with ...Qa5.} 20. Be2 $2 (20. Ng3 $1 $16) 20... f4 {[%emt 0:04:54] Black is more active.} (20... fxe4 $17 {keeps the pressure on. And now ...Qa5 would win.} 21. Nxe4 Qa5+ 22. Nfd2 Nb4) 21. Nd2 $16 Kh8 22. Nf3 Ng4 (22... Nxf3+ $16 23. gxf3 (23. Bxf3 Bg7 $16) 23... Bg7) 23. O-O (23. e5 $18) 23... Rg8 {[%emt 0:06:01] [#]} (23... Bg7 $16 24. h3 Ne5) 24. e5 $1 $18 dxe5 25. Qe4 (25. Kh1 $16) 25... Qf6 {[%emt 0:04:41] [#]} (25... Qf8 $1 $11 26. Nh4 (26. Nxe5 Bf5 $15) 26... Re8) 26. Bd3 (26. Bh4 $1 $16 Qg7 27. h3) 26... Qg7 $11 {[%emt 0:01:47] ...Nf6 is the strong threat.} 27. Bh4 {[%emt 0:01:02] aiming for h3.} Raf8 28. Qe2 Ne3 {[%emt 0:02:12] White must now prevent ...Bh3.} 29. Rf2 ({White should play} 29. Kh1 $1 $14) 29... Bh3 $36 {[%emt 0:01:14][%cal Rh3g2][%mdl 2048] Black has some pressure.} 30. g3 (30. Kh1 $1 $11 {and White has nothing to worry.} Qxg2+ 31. Rxg2 Bxg2+ 32. Qxg2 Rxg2 33. Be7) 30... Ng4 31. Ne4 (31. Rff1 $17 {is a better defense.}) 31... fxg3 $19 32. Bxg3 (32. hxg3 {was forced.} Be3 {[%mdl 64] Pin} 33. Re1) 32... Be3 {[%emt 0:02:22][%mdl 64] Pin. Black is clearly winning.} ({Stronger than} 32... Nxf2 33. Nxf2 Bf4 34. Nxh3 Bxg3 35. Kh1 $17) 33. Kh1 (33. Raf1 $142 Bxf1 34. Kxf1) 33... Bxf2 34. Nxf2 Nxf2+ 35. Qxf2 Bg4 36. Be4 Bxf3+ 37. Bxf3 e4 {[%emt 0:00:10] Black used his chance.   Weighted Error Value: White=0.69/Black=0.24 (precise)} 0-1

[Event "4NCL 2022-2023"]
[Site "Daventry"]
[Date "2023.01.14"]
[Round "3.37"]
[White "Gallana, Marco"]
[Black "Duncan, Chris R"]
[Result "1-0"]
[ECO "D10"]
[WhiteElo "2243"]
[BlackElo "2187"]
[Annotator "TA"]
[PlyCount "67"]
[EventDate "2022.10.20"]
[EventType "team-tourn"]
[EventCountry "ENG"]
[SourceTitle "playchess.com"]
[Source "ChessBase"]
[SourceQuality "1"]
[TimeControl "40/6000+30:2400+30"]

1. d4 d5 2. c4 c6 3. Nc3 dxc4 4. e3 b5 5. a4 b4 6. Ne4 {[%emt 0:00:43] D10: Slav Defence: 3 cxd5 (without early Nf3) and 3 Nc3.} Qd5 7. Nd2 Ba6 8. Ngf3 {[%emt 0:05:58] aiming for e4. White has an edge.} Nf6 9. Qc2 c3 10. bxc3 Bxf1 11. Kxf1 bxc3 12. Qxc3 e6 13. Ba3 Nbd7 14. Bxf8 {[%emt 0:17:46] [#]} (14. Rc1 $5 ) 14... Kxf8 $146 ({Predecessor:} 14... Rxf8 15. Ke2 Ke7 16. Qa3+ Qd6 17. Rhc1 Rfc8 18. Qxd6+ Kxd6 19. Ra2 Rc7 20. Rac2 Rac8 {½-½ Farago,I (2485)-Ortmann,D (2322) Vienna op 17th 2011 (4)}) 15. Ke2 Ke7 (15... g6 $14) 16. Qa3+ c5 17. Rac1 Rhc8 18. Rhd1 {[%emt 0:02:37] dxc5 is the strong threat.} Qd6 19. dxc5 (19. Nc4 $16 Qa6 20. Ke1) 19... Rxc5 $2 {[%emt 0:02:04][%mdl 8192] This move loses the game for Black.} (19... Nxc5 $11 20. Nd4 (20. Nc4 Qa6 $11) 20... Ncd7 21. Qxd6+ Kxd6) 20. Nc4 $18 Qa6 21. Ke1 {[%emt 0:01:17] Nfe5 would be deadly.} Rac8 {[%emt 0:06:15] [#]} 22. Nd6 $1 R8c6 {[%emt 0:03:53][%cal Oc6d6] [#]} 23. Nb5 {[%emt 0:01:31][%cal Of3e5] And now Ne5! would win.} Ke8 24. Rxc5 Rxc5 {[%emt 0:00:41] [#]} 25. Qxc5 {[%emt 0:00:24][%mdl 576] Remove Defender. White is clearly winning.} Nxc5 26. Nc7+ Ke7 27. Nxa6 Nxa6 {[%emt 0:00:02][%cal Bc5a6,Ba6b4,Bb4d3][%mdl 4128] Endgame KRN-KNN} 28. Ne5 Nb4 29. Rb1 a5 30. Nc4 Nd3+ 31. Kf1 Nc5 32. Rb5 Nxa4 33. Rxa5 Nc3 34. Ra7+ {[%emt 0:00:16] Weighted Error Value: White=0.13 (very precise) /Black=0.44} 1-0

[Event "4NCL 2022-2023"]
[Site "Daventry"]
[Date "2023.01.14"]
[Round "3.38"]
[White "Ledger, Dave J"]
[Black "Zulfic, Fedja"]
[Result "1-0"]
[ECO "B32"]
[WhiteElo "2162"]
[BlackElo "2145"]
[Annotator "TA"]
[PlyCount "69"]
[EventDate "2022.10.20"]
[EventType "team-tourn"]
[EventCountry "ENG"]
[SourceTitle "playchess.com"]
[Source "ChessBase"]
[SourceQuality "1"]
[TimeControl "40/6000+30:2400+30"]

1. e4 c5 2. Nf3 Nc6 3. d4 cxd4 4. Nxd4 e5 5. Nb5 d6 6. c4 a6 7. N5c3 Be6 {[%emt 0:12:02] is currently scoring better than 7...Nf6.} 8. Be2 Be7 9. O-O Nf6 {[%emt 0:21:51] B32: Sicilian: Löwenthal and Kalashnikov Variations.} 10. Be3 O-O 11. Qd2 Rc8 {[%emt 0:06:34] White is slightly better.} 12. f3 {[%emt 0:03:22] [#]} Nh5 $146 ({Predecessor:} 12... Nd4 13. Bxd4 exd4 14. Nd5 Nxd5 15. cxd5 Bd7 16. Na3 f5 17. Rad1 fxe4 18. fxe4 Rxf1+ 19. Kxf1 {0-1 Laurincova,K (2070)-Petrova,K (2285) CZE-ch (Women) 2021 (4)}) 13. Rd1 ({White should try} 13. g3 $14) 13... f5 {[%emt 0:09:11] [#]} (13... Nd4 $1 $11) 14. exf5 $1 $16 {[%emt 0:02:37] Black is on the road to losing.} Bxf5 {[%emt 0:02:11][%cal Oh5f4] [#]} 15. Nd5 $1 {[%emt 0:03:08] Repels Nf4} ({Of course not} 15. g4 Bxb1 16. gxh5 Bf5 $11) 15... Nd4 16. Bxd4 exd4 17. Qxd4 Bg5 18. Nbc3 {[%emt 0:04:59] Threatens to win with g4. Excellent horsemanship.} Bc2 19. Re1 Bh4 20. Rf1 Kh8 21. f4 Nf6 (21... Bf6 {might work better.} 22. Nxf6 Nxf6) 22. Ne3 $18 Bg6 23. f5 Bh5 24. Qxh4 Qb6 25. Bxh5 Qxe3+ 26. Kh1 Qh6 27. g4 Rxc4 28. Qg3 Qg5 29. Qxd6 {[%emt 0:01:21] White is clearly winning.} Rfc8 30. Rad1 {[%emt 0:02:30] Hoping for Bf7.} Nxg4 31. Bxg4 Rxg4 32. f6 gxf6 33. Qxf6+ Qxf6 34. Rxf6 Rb4 35. Rd2 {[%emt 0:00:34] Weighted Error Value: White=0.13 (very precise) /Black=0.44} 1-0

[Event "4NCL 2022-2023"]
[Site "Daventry"]
[Date "2023.01.14"]
[Round "3.39"]
[White "Serbanescu, Diana-Maria"]
[Black "Ledger, Stephen C"]
[Result "0-1"]
[ECO "B22"]
[WhiteElo "1995"]
[BlackElo "1980"]
[Annotator "TA"]
[PlyCount "96"]
[EventDate "2022.10.20"]
[EventType "team-tourn"]
[EventCountry "ENG"]
[SourceTitle "playchess.com"]
[Source "ChessBase"]
[SourceQuality "1"]
[TimeControl "40/6000+30:2400+30"]

1. e4 c5 2. c3 d5 3. exd5 Qxd5 4. d4 Nf6 5. Nf3 e6 6. Nbd2 Nc6 {[%emt 0:08:44] B22: Sicilian: 2 c3.} (6... cxd4 $11 7. Bc4 Qh5) 7. Bc4 $14 Qd6 8. dxc5 Qxc5 {[%emt 0:02:06] White is slightly better.} 9. Qe2 Be7 10. O-O (10. Ne4 $5 Qh5 11. Ng3 $14) 10... Bd7 11. Re1 {[%emt 0:03:09] [#]} Rc8 $146 ({Predecessor:} 11... O-O 12. Ne4 Nxe4 13. Qxe4 Bf6 14. Be3 Qf5 15. Qxf5 exf5 16. Bg5 Bxg5 17. Nxg5 h6 {½-½ Hervas,F (1906)-Braakhuis,W (2316) IECC CL1-2003.12 email}) 12. Bd3 Qh5 13. Ne4 O-O 14. Ng3 Qa5 15. Bf4 Nd5 16. Bd2 (16. Qe4 $2 f5 17. Nxf5 (17. Qc4 $2 Nd8 $19) 17... exf5 $19) 16... Qc7 17. Rad1 Rfd8 18. Ng5 {[%emt 0:09:26] White wants to mate with Qh5.} h6 19. Nxf7 {[%emt 0:11:41][%mdl 64] [#] Decoy} Kxf7 20. Qh5+ (20. Qg4 Bf6 21. Bh7 (21. c4 $2 Nde7 $19) 21... Ne5 $17) 20... Kf8 {[%emt 0:03:09] Hoping for ...Be8.} (20... Kg8 $5 21. Bxh6 (21. Qg6 Ne5 $15) 21... Be8 $15) 21. Bxh6 $1 Bf6 (21... gxh6 {is a self mate.} 22. Qxh6+ Kf7 23. Bg6+ Kg8 24. Qh7+ Kf8 25. Qh8#) 22. Bc1 {[%emt 0:03:02] [#]} (22. Bg5 $1 $11 Nf4 23. Qh8+ Kf7 24. Qh4 Nxd3 25. Rxd3) 22... Ne5 (22... Nf4 $1 $17 23. Qh7 (23. Bxf4 Qxf4 24. Bc2 Qh4 $17) 23... Be8) 23. Bc2 $11 Be8 24. Qh8+ Ke7 (24... Kf7 $14) 25. f4 $2 {[%emt 0:00:59][%mdl 8192] White does not recover from this.} (25. Bg5 $1 $16 {is necessary to keep the advantage.} Bf7 26. Qxg7) 25... Bg6 26. Qxd8+ Rxd8 27. fxe5 Bxc2 28. exf6+ Nxf6 29. Rxd8 Qxd8 30. h3 Qb6+ 31. Kh2 Qd6 {[%emt 0:01:23] ...Ne4 would be deadly.} 32. Bg5 Kf7 33. Rf1 Kg6 34. Bf4 e5 35. Bc1 Bd3 36. Rf2 Ne4 37. Nxe4 Bxe4 38. Be3 a6 39. Rd2 Qc7 40. a3 Bc6 41. Kg3 Kf5 42. Rf2+ Ke4 43. Bc1 Kd3 44. Rd2+ Kc4 {[%emt 0:00:00] Threatens to win with ...e4+.} 45. Rf2 Qd6 46. Kh2 e4+ 47. Bf4 Qe6 {[%emt 0:05:26] White must now prevent ...e3.} 48. Be3 Kd3 {[%emt 0:01:25] Weighted Error Value: White=0.38/Black=0.21 (precise)} 0-1